 Dungeon Crawl Stone Soup version 0.24.0-1-gfbc8707 (webtiles) character file.

Game seed: 3101053079585851583, levelgen mode: deterministic

1680891 Blackhawk the Conqueror (level 27, 234/288 HPs)
             Began as a Minotaur Berserker on Oct 27, 2019.
             Was a High Priest of Trog.
             Escaped with the Orb
             ... and 3 runes!
             The game lasted 02:54:56 (72224 turns).

Blackhawk the Conqueror (Minotaur Berserker)       Turns: 72224, Time: 02:54:56

Health: 234/288    AC: 40    Str: 26      XL:     27
Magic:  7/7        EV: 19    Int:  6 (9)  God:    Trog [*****.]
Gold:   5229       SH: 26    Dex: 14      Spells: 26/26 levels left

rFire    + . .     SeeInvis +   b - +9 broad axe (antimagic)
rCold    + + .     Gourm    .   u - +0 large shield
rNeg     + + +     Faith    .   K - +7 gold dragon scales
rPois    +         Spirit   .   M - +0 hat {MR+}
rElec    +         Reflect  .   w - scarf {cloud immunity}
rCorr    .         Harm     .   W - +1 pair of gloves of the Armoured One {SInv}
MR       +++++                  O - +1 pair of boots
Stlth    ..........             e - amulet of Vitality {Regen+ HP+15}
HPRegen  0.98/turn              N - ring of the Raven {*Drain rElec rPois MR++ Slay+5}
MPRegen  0.10/turn              t - ring "Jyxzioji" {rC+ rN+++ Str-5 Int+3 SInv}

@: no status effects
A: retaliatory headbutt, fangs 1, horns 2, agile 1, blink
0: Orb of Zot
}: 3/15 runes: decaying, silver, gossamer
a: Blink, Berserk, Trog's Hand, Brothers in Arms, Renounce Religion


You escaped.
You worshipped Trog.
Trog was extremely pleased with you.
You were not hungry.

You visited 9 branches of the dungeon, and saw 49 of its levels.
You visited the Abyss 1 time.
You also visited: Volcano.

You collected 7353 gold pieces.
You spent 2124 gold pieces at shops.

Inventory:

Hand Weapons
 a - a +9 broad axe of chaos
 b - a +9 antimagic broad axe (weapon)
 L - the +10 war axe of Faceveon {drain, rElec rF+ rN+ Int-2}
   (Trog gifted it to you on level 3 of the Lair of Beasts)

   A truly terrible weapon, it drains the life of those it strikes.
   It affects your intelligence (-2).
   It protects you from fire.
   It insulates you from electricity.
   It protects you from negative energy.
Missiles
 Q - 5 throwing nets (quivered)
Armour
 u - a +0 large shield (worn)
 w - a scarf of cloud immunity (worn)
 K - +7 gold dragon scales (worn)
 M - a +0 hat of magic resistance (worn)
 O - a +1 pair of boots (worn)
 W - the +1 pair of gloves of the Armoured One (worn) {SInv}
   (You found it on level 12 of the Dungeon)

   It lets you see invisible.
Jewellery
 e - the amulet of Vitality (around neck) {Regen+ HP+15}
   (You found it on level 1 of the Swamp)

   [amulet of regeneration]

   It affects your health (+15).
   It increases your rate of regeneration.
 h - the amulet "Geicaif" {Gourm rPois Str-3 Dex+8 SInv}
   (You found it on level 5 of the Vaults)

   [amulet of the gourmand]

   It allows you to eat raw meat even when not hungry.
   It affects your strength (-3).
   It affects your dexterity (+8).
   It protects you from poison.
   It lets you see invisible.
 q - an uncursed amulet of guardian spirit {unknown}
 t - the ring "Jyxzioji" (right hand) {rC+ rN+++ Str-5 Int+3 SInv}
   (You took it off a rakshasa on level 2 of the Depths)

   [ring of protection from cold]

   It affects your strength (-5).
   It affects your intelligence (+3).
   It protects you from cold.
   It renders you almost immune to negative energy.
   It lets you see invisible.
 G - a +5 amulet of reflection
 N - the ring of the Raven (left hand) {*Drain rElec rPois MR++ Slay+5}
   (You bought it in a shop on level 3 of the Depths)

   [ring of slaying]

   It affects your accuracy and damage with ranged weapons and melee attacks
   (+5).
   It insulates you from electricity.
   It protects you from poison.
   It affects your resistance to hostile enchantments.
   It causes draining when unequipped.
 P - the ring of Neeborghim {MR+ Int-2 Dex+7}
   (You found it on level 2 of the Depths)

   [ring of protection from magic]

   It affects your intelligence (-2).
   It affects your dexterity (+7).
   It affects your resistance to hostile enchantments.
Wands
 d - a wand of clouds (14)
 f - a wand of disintegration (37)
 m - a wand of acid (52)
 U - a wand of iceblast (28)
 V - a wand of paralysis (19)
 Z - a wand of digging (8)
Scrolls
 g - 13 scrolls of teleportation
 j - 2 scrolls of enchant weapon
 l - 22 scrolls of remove curse
 r - a scroll of holy word
 x - 3 scrolls of torment
 y - 11 scrolls of fear
 z - 6 scrolls of identify
 E - 6 scrolls of fog
 H - 3 scrolls of blinking
 I - 2 scrolls of silence
 S - a scroll of magic mapping
 X - 2 scrolls of summoning
Potions
 i - 9 potions of flight
 k - 8 potions of brilliance
 n - 8 potions of resistance
 o - 21 potions of curing
 s - 5 potions of heal wounds
 v - 7 potions of might
 C - a potion of mutation
 D - 2 potions of ambrosia
 F - 6 potions of haste
 J - 5 potions of berserk rage
 R - 4 potions of agility
 T - 3 potions of cancellation
 Y - 2 potions of invisibility
Miscellaneous
 p - a sack of spiders
 A - a lamp of fire
Comestibles
 c - 95 rations


   Skills:
 O Level 27 Fighting
 - Level 18.0 Axes
 O Level 27 Armour
 + Level 24.5 Dodging
 + Level 25.3 Shields


You had 26 spell levels left.
You didn't know any spells.
Your spell library was empty.

Dungeon Overview and Level Annotations

Branches:
Dungeon (15/15)            Temple (0/1) D:7            Lair (6/6) D:9
  Swamp (4/4) Lair:3       Spider (4/4) Lair:4        Slime (0/5) Lair:6
    Orc (2/2) D:11            Elf (3/3) Orc:2        Vaults (5/5) D:14
  Crypt (0/3) Vaults:2     Depths (5/5) D:15            Zot (5/5) Depths:5
Volcano (visited)

Altars:
Cheibriados
Elyvilon
Fedhas
Kikubaaqudgha
Trog
Yredelemnul
Zin
Beogh
Jiyva

Shops:
D:8 =   D:9 *   D:10 (   D:12 [   D:15 (   Orc:2 ***}   Elf:2 [   Elf:3 *
Vaults:4 *   Depths:3 }=}

Portals:
Hell: Depths:1 Depths:2 Depths:3 Depths:4 Depths:5
Abyss: Depths:1 Depths:4
Pandemonium: Depths:2 Depths:3 Depths:4
Ziggurat: Depths:5
Trove: Vaults:2 (give 17 scrolls of teleportation)

Annotations:
Lair:4 exclusion: 3 oklob plants
Lair:5 3 runed translucent doors, Qoypruj's ghost, journeyman MiGl
Lair:6 1 runed translucent door, 2 exclusions
Swamp:2 2 transporters, suomimenusko's ghost, adept NaFi
Swamp:4 1 exclusion
Spider:1 3 runed translucent doors, Rod Caur's ghost, adept HOFi
Elf:2 3 runed translucent doors, 5 exclusions
Elf:3 1 exclusion
Depths:1 1 runed translucent door, Imio's ghost, adept DgCj
Depths:4 exclusion: 4 doors
Zot:4 19 runed doors, 2 exclusions
Zot:5 1 exclusion


Innate Abilities, Weirdness & Mutations

You reflexively headbutt those who attack you in melee.
You have a pair of horns on your head.
You have very sharp teeth.
You are agile. (Dex +2)
You can translocate small distances at will.


Message History

You open Jokypal like a pillowcase!!!
Jokypal's magic leaks into the air.
You headbutt Jokypal!
Jokypal is moderately wounded.
Jokypal hits you but does no damage.
Okay, then.
Okay, then.
You blink.
You feel slightly more hungry.
Jokypal falters for a moment.
The lich barely misses you. The neqoxec gestures at you.
You feel dopey. Something feeds on your intellect!
Jokypal falters for a moment.
The lich conjures a glowing orb.
The neqoxec gestures at you.
Something tries to feed on your intellect!
An orb of destruction comes into view.
There is a staircase leading out of the dungeon here.
You can't go down here!
Jokypal falters for a moment.
The wavering orb of destruction hits you!!!
You have escaped!

...################..............
>................................
.#.################..............
.#.# #.........####.
.#.#########################.....
.#.#............†...# #.....
##.#.##############.# #.....
.#.#..#♣♣♣♣♣♣♣♣♣♣♣#.# ######
.#.#..+.........@♣#.#
.#.#.##♣P♣♣♣♣♣.&○♣#.# .#.#.#
♣P♣♣P♣..3L♣#.# .#.#.#
♣.♣P....♣.♣#.# ##...#
♣P...⌠.P♣.♣#.# ########### ######
♣♣♣....♣♣.♣#.# #.......... #
♣♣...P♣.♣#.###.......... #
♣♣.♣♣♣.♣#...'.......... #######
♣.....♣#####..........


You could see Jokypal, a lich and a neqoxec.

Vanquished Creatures
  11 ancient liches
  7 orbs of fire
  A juggernaut (Depths:4)
  Bai Suzhen (Vaults:2)
  5 Killer Klowns
  3 curse toes
  Jory (Vaults:2)
  12 golden dragons
  2 bone dragons (Depths:5)
  Arachne (Spider:2)
  3 electric golems
  3 liches
  10 tentacled monstrosities
  2 deep elf blademasters (Elf:3)
  29 Orb Guardians
  5 titans
  10 quicksilver dragons
  12 death cobs
  2 deep elf master archers (Elf:3)
  4 sphinxes
  2 tentacled starspawn (Abyss:4)
  Gastronok (Lair:2)
  16 storm dragons
  2 thorn hunters
  9 tengu reavers
  10 shadow dragons
  A draconian monk (Zot:2)
  10 fire giants
  4 ghost moths (Spider:4)
  An orc warlord (Orc:1)
  4 draconian knights
  10 frost giants
  22 vault wardens
  8 deep elf sorcerers
  2 iron dragons
  A cacodemon (Depths:3)
  5 emperor scorpions
  A caustic shrike zombie (Depths:1)
  Louise (Swamp:3)
  4 deep elf elementalists
  4 draconian scorchers
  5 draconian shifters
  26 stone giants
  13 very ugly things
  4 draconian stormcallers
  A war gargoyle (Vaults:5)
  13 ironheart preservers
  2 spriggan defenders (Depths:4)
  An ophan (Abyss:4)
  An entropy weaver (Vaults:1)
  3 draconian annihilators
  8 black draconians
  9 deep elf demonologists
  3 vampire knights
  9 green draconians
  13 deep elf annihilators
  4 purple draconians
  3 white draconians
  5 red draconians
  A yellow draconian (Zot:2)
  A spark wasp (Spider:4)
  A merfolk javelineer (Depths:2)
  15 ettins
  Josephine (Orc:1)
  The ghost of chequers the Impaler, a journeyman MfGl of Nemelex Xobeh (Lair:3)
  7 deep elf death magi
  18 yaktaur captains
  9 great orbs of eyes
  13 fire dragons
  10 deep elf high priests
  12 ogre magi
  7 rakshasas
  Fannar (D:11)
  14 ice dragons
  5 spriggan air magi
  3 catoblepae (Lair:6)
  Harold (Lair:2)
  24 vault guards
  A ghost crab (Swamp:2)
  3 shambling mangroves
  16 hydras
  50 two-headed ogres
  3 death knights
  7 centaur warriors
  10 dancing weapons
  15 alligators
  3 tengu warriors
  A spriggan berserker (Depths:5)
  3 deep troll shamans
  A shock serpent (Elf:3)
  An orc high priest (Orc:1)
  10 deep troll earth magi
  A vampire mage (Depths:4)
  13 death yaks (Lair:6)
  A hell hog (Abyss:4)
  18 deep elf knights
  5 shadow wraiths
  Nergalle (D:11)
  A skeletal warrior (Vaults:4)
  A fire crab (Swamp:4)
  A salamander mystic (Depths:5)
  An iron troll (Depths:2)
  4 sixfirhies
  A spatial maelstrom (Abyss:4)
  A hell knight (Depths:4)
  3 unseen horrors
  6 flayed ghosts
  15 deep trolls
  4 glowing orange brains
  A torturous demonspawn (Depths:3)
  2 spriggan druids
  11 ironbrand convokers
  4 swamp dragons
  24 deep elf archers
  3 starcursed masses (Abyss:4)
  An infernal demonspawn (Depths:2)
  3 lindwurms
  8 large abominations
  26 orc knights
  4 phantasmal warriors
  4 wizards
  A tengu zombie (Depths:2)
  An orb spider (shapeshifter) (Depths:2)
  19 orb spiders
  A harpy (shapeshifter) (Elf:1)
  6 necromancers
  3 orc sorcerers
  55 deep elf magi
  41 ugly things
  A cyclops (D:11)
  34 wolf spiders
  A shining eye (Vaults:1)
  A faun (shapeshifter) (Vaults:5)
  A frost giant zombie (Depths:2)
  A manticore (shapeshifter) (Depths:4)
  A shining eye (shapeshifter) (Depths:3)
  5 salamanders
  31 moths of wrath
  8 elephants
  4 manticores
  2 rust devils (D:8)
  A guardian serpent (Depths:1)
  4 black mambas
  A spriggan zombie (Depths:2)
  An orange demon (Depths:3)
  14 vault sentinels
  2 smoke demons (Abyss:4)
  7 centaur skeletons
  2 torpor snails
  11 spiny frogs
  A hellion (Depths:2)
  3 small abominations
  A gargoyle (D:14)
  2 rime drakes
  A spiny frog (shapeshifter) (Vaults:1)
  A yaktaur zombie (Depths:1)
  11 freezing wraiths
  45 yaktaurs
  2 yaktaurs (shapeshifter)
  9 demonic crawlers
  A kobold demonologist (D:13)
  10 komodo dragons
  A queen bee (shapeshifter) (Elf:1)
  7 polar bears
  A yaktaur skeleton (Depths:1)
  2 merfolk
  2 red devils (Depths:2)
  29 jumping spiders
  2 meliai (shapeshifter) (Vaults:3)
  A polar bear (shapeshifter) (Elf:3)
  15 tyrant leeches
  3 trolls
  A raiju (shapeshifter) (Depths:4)
  6 bog bodies
  25 hornets
  6 dream sheep (Lair:6)
  41 slime creatures
  A blink frog (shapeshifter) (Depths:1)
  11 blink frogs
  A harpy skeleton (D:14)
  8 hippogriffs
  A spectral dream sheep (Lair:3)
  A fire dragon skeleton (Depths:1)
  38 redbacks
  A spriggan (shapeshifter) (D:12)
  3 spriggans
  3 shadows
  14 tarantellas
  A yak (shapeshifter) (Depths:1)
  9 water elementals
  6 humans (D:14)
  A human (shapeshifter) (Vaults:4)
  9 wyverns
  8 wraiths
  2 neqoxecs (Abyss:4)
  60 yaks
  14 fire bats
  Grum (D:8)
  3 basilisks
  2 spectral komodo dragons (Lair:3)
  4 fire elementals
  5 steam dragons
  3 hungry ghosts
  2 chaos spawn
  15 vampire mosquitoes
  13 insubstantial wisps
  A swamp worm (shapeshifter) (Depths:4)
  A soldier ant (D:15)
  2 acid dragons (Vaults:1)
  9 wargs
  A hydra simulacrum (Lair:3)
  25 swamp worms
  A floating eye (shapeshifter) (Depths:4)
  6 porcupines
  9 water moccasins
  3 floating eyes
  66 orc warriors
  5 ice beasts
  7 swamp drakes
  3 necrophages
  4 sky beasts
  3 eyes of draining
  An ettin simulacrum (Vaults:1)
  A spriggan simulacrum (Depths:2)
  A black mamba simulacrum (Lair:3)
  A black bear (Lair:5)
  30 ogres
  A phantom (D:12)
  3 boggarts
  An ogre (shapeshifter) (Elf:3)
  17 wolves
  9 centaurs
  13 crocodiles
  3 elf zombies (Elf:2)
  Blork the orc (D:4)
  4 big kobolds
  11 bullfrogs
  A deep troll simulacrum (Vaults:3)
  A wyvern skeleton (D:12)
  4 scorpions
  A dream sheep simulacrum (Lair:3)
  24 killer bees
  7 wights
  6 howler monkeys
  3 electric eels
  4 centaur zombies
  8 crimson imps
  A bullfrog zombie (D:12)
  3 jellies
  5 quasits
  A komodo dragon simulacrum (Lair:3)
  3 hounds
  23 orc priests
  4 bullfrog skeletons
  4 iguanas
  3 iron imps
  29 orc wizards
  11 worker ants
  A hound zombie (D:7)
  A hound skeleton (D:9)
  4 worker ant zombies
  A howler monkey zombie (D:5)
  3 gnolls (D:6)
  A howler monkey skeleton (D:11)
  12 adders
  9 shadow imps
  2 white imps
  2 ufetubi
  An ooze (D:3)
  An adder skeleton (D:7)
  3 worms
  2 dart slugs
  5 leopard geckos
  107 orcs
  2 ball pythons
  9 bats
  9 giant cockroaches
  7 goblins
  7 hobgoblins
  8 jackals
  27 kobolds
  8 quokkas
  5 frilled lizards
  A jackal skeleton (D:8)
  A jackal zombie (D:6)
  A leopard gecko skeleton (D:4)
  6 rats
  3 crawling corpses (Vaults:5)
  9 fungi
  13 plants
  2 starspawn tentacles (Abyss:4)
2192 creatures vanquished.

Vanquished Creatures (collateral kills)
  An ancient lich (Vaults:5)
  A caustic shrike (Depths:5)
  3 golden dragons
  2 liches
  A tentacled monstrosity (Zot:4)
  Jorgrun (D:13)
  A deep elf blademaster (Elf:3)
  Frances (D:13)
  A storm dragon (Zot:4)
  A shadow dragon (Vaults:5)
  A draconian monk (Zot:4)
  A vault warden (Vaults:5)
  A deep elf sorcerer (Elf:3)
  A draconian scorcher (Zot:1)
  A fire giant (Vaults:5)
  A draconian stormcaller (Zot:1)
  A deep elf elementalist (Elf:3)
  A very ugly thing (Vaults:5)
  A stone giant (Depths:3)
  A white draconian (Zot:4)
  A black draconian (Zot:4)
  2 green draconians
  2 deep elf demonologists (Elf:3)
  A deep elf annihilator (Elf:3)
  A yellow draconian (Zot:4)
  Azrael (D:13)
  2 red draconians
  A purple draconian (Zot:5)
  3 deep elf death magi (Elf:3)
  A fire dragon (D:15)
  3 deep elf high priests (Elf:3)
  A yaktaur captain (Vaults:5)
  2 hydras
  An ice dragon (D:15)
  10 vault guards
  A centaur warrior (D:14)
  2 ogre magi
  2 catoblepae
  3 two-headed ogres
  A tengu warrior (Depths:5)
  A deep elf knight (Elf:3)
  2 swamp dragons (Swamp:4)
  A manticore (D:14)
  A mana viper (shapeshifter) (Vaults:5)
  4 deep elf magi
  2 moths of wrath (Zot:4)
  A vault sentinel (Vaults:5)
  A gargoyle (D:14)
  A spiny frog (Swamp:4)
  3 yaktaurs
  A kobold demonologist (D:14)
  A merfolk (shapeshifter) (Vaults:5)
  2 hornets
  A tyrant leech (Swamp:4)
  3 spriggans (Swamp:4)
  2 fire elementals (D:13)
  A vampire (D:14)
  2 yaks (Lair:2)
  4 humans (D:14)
  2 steam dragons (Swamp:4)
  3 vampire mosquitoes (Swamp:4)
  4 insubstantial wisps (Swamp:4)
  A hell hound (D:13)
  2 swamp drakes (Swamp:4)
  A black bear (shapeshifter) (Depths:3)
  A phantom (D:14)
  3 ogres
  A crimson imp (D:14)
  A hound (D:10)
  A jelly (D:9)
  2 orc priests
  2 orc wizards
  An adder (D:8)
  An orc (D:8)
  2 crawling corpses (Elf:3)
126 creatures vanquished.

Vanquished Creatures (others)
  A golden dragon (Zot:1)
  2 fire giants
  An ettin (Depths:3)
  A hydra (Swamp:4)
  A vampire mage (Depths:2)
  A deep elf knight (Vaults:2)
  2 swamp dragons (Swamp:4)
  A lindwurm (Swamp:4)
  A wizard (Depths:2)
  A redback (Spider:4)
  A water elemental (Elf:3)
  A basilisk (D:13)
  A fire elemental (D:13)
  2 steam dragons (Volcano)
  A swamp worm (Swamp:2)
  A spectral spiny frog (Lair:3)
  2 swamp drakes (Swamp:4)
  An ogre (Depths:2)
  A scorpion (Swamp:4)
  A ball lightning (Zot:5)
  5 orcs
  3 fungi (Elf:3)
  24 plants
  5 starspawn tentacles (Abyss:4)
61 creatures vanquished.

Grand Total: 2379 creatures vanquished

Notes
Turn   | Place    | Note
-------+----------+-------------------------------------------
     0 | D:1      | Blackhawk the Minotaur Berserker began the quest for the
                  | Orb.
     0 | D:1      | Reached XP level 1. HP: 19/19 MP: 0/0
   122 | D:1      | Reached XP level 2. HP: 27/27 MP: 1/1
   493 | D:1      | Reached ** piety under Trog
   571 | D:1      | Reached XP level 3. HP: 20/33 MP: 2/2
  1542 | D:2      | Reached XP level 4. HP: 29/40 MP: 3/3
  3146 | D:4      | Reached XP level 5. HP: 47/47 MP: 4/4
  3151 | D:4      | Reached *** piety under Trog
  3401 | D:4      | Reached skill level 5 in Fighting
  3402 | D:4      | Reached skill level 5 in Axes
  3479 | D:4      | Reached XP level 6. HP: 53/56 MP: 5/5
  3628 | D:4      | Noticed Blork the orc
  3639 | D:4      | Killed Blork the orc
  3952 | D:5      | Entered Level 5 of the Dungeon
  4086 | D:5      | Reached skill level 5 in Armour
  4086 | D:5      | Reached XP level 7. HP: 48/62 MP: 6/6
  4539 | D:5      | Reached skill level 5 in Dodging
  5110 | D:6      | Reached XP level 8. HP: 50/71 MP: 7/7
  5525 | D:6      | Reached **** piety under Trog
  5599 | D:6      | You fall into a shaft and drop 3 floors!
  5656 | D:9      | Found a staircase to the Lair.
  5808 | D:9      | Noticed a two-headed ogre
  5819 | D:9      | Killed a two-headed ogre
  5819 | D:9      | Reached XP level 9. HP: 81/81 MP: 8/8
  5919 | D:9      | Reached skill level 10 in Axes
  6052 | D:9      | Received a gift from Trog
  6066 | D:8      | Noticed a rust devil
  6066 | D:8      | Noticed a rust devil
  6172 | D:8      | Noticed Grum
  6184 | D:8      | Killed Grum
  6191 | D:8      | Reached XP level 10. HP: 78/90 MP: 9/9
  6343 | D:8      | Found Surheumm's Jewellery Emporium.
  6904 | D:7      | Got a slimy ring mail
  7329 | D:7      | Found a staircase to the Ecumenical Temple.
  7347 | D:7      | Found a snail-covered altar of Cheibriados.
  7676 | D:6      | Found a bloodstained altar of Trog.
  8040 | D:9      | Found Hunad's Assorted Antiques.
  8048 | D:9      | Bought a scroll labeled TYXKIT VASTUTA for 28 gold pieces
  8205 | D:9      | Reached ***** piety under Trog
  8637 | D:9      | Noticed a two-headed ogre
  8645 | D:9      | Killed a two-headed ogre
  9037 | D:10     | Entered Level 10 of the Dungeon
  9038 | D:10     | Identified the +5 ring mail of the Tuna {Str+4} (You found
                  | it on level 7 of the Dungeon)
  9269 | D:10     | Reached skill level 10 in Fighting
  9442 | D:10     | Noticed an unseen horror
  9453 | D:10     | Killed an unseen horror
  9453 | D:10     | Reached XP level 11. HP: 99/99 MP: 10/10
  9878 | D:10     | Found Lequsuok's Antique Weapon Shop.
 10076 | D:11     | Noticed a green ugly thing
 10092 | D:11     | Killed a green ugly thing
 10092 | D:11     | Reached skill level 10 in Armour
 10360 | D:11     | Noticed Nergalle
 10364 | D:11     | Killed Nergalle
 10936 | D:11     | Noticed Fannar
 10948 | D:11     | Killed Fannar
 11132 | D:11     | Found a staircase to the Orcish Mines.
 11440 | D:12     | Found Zeuvyboh's Antique Armour Emporium.
 11448 | D:12     | Reached skill level 10 in Dodging
 11950 | D:12     | Got an encrusted flail
 11951 | D:12     | Identified the cursed +0 flail of the Forsaken Demons
                  | {crush, Int+3} (You found it on level 12 of the Dungeon)
 12015 | D:12     | Got a pair of translucent gloves
 12026 | D:12     | Identified the +1 pair of gloves of the Armoured One {SInv}
                  | (You found it on level 12 of the Dungeon)
 12187 | D:12     | Received a gift from Trog
 12187 | D:12     | Reached XP level 12. HP: 109/109 MP: 11/11
 12427 | D:13     | Noticed a death knight
 12436 | D:13     | Killed a death knight
 12854 | D:13     | Noticed Frances
 12854 | D:13     | Noticed Jorgrun
 12863 | D:13     | Killed Frances
 12867 | D:13     | Killed Jorgrun
 12867 | D:13     | Reached skill level 15 in Axes
 12878 | D:13     | Noticed Azrael
 12882 | D:13     | Killed Azrael
 13401 | D:13     | Noticed an eight-headed hydra
 13538 | D:13     | Noticed a death knight
 13963 | D:13     | Killed a seven-headed hydra
 13974 | D:13     | Killed a death knight
 14170 | D:13     | Found a white marble altar of Elyvilon.
 14390 | D:14     | Noticed a vault guard
 14391 | D:14     | Noticed a vault guard
 14398 | D:14     | Killed a vault guard
 14404 | D:14     | Killed a vault guard
 14513 | D:14     | Found a gate to the Vaults.
 14641 | D:14     | Noticed a centaur warrior
 14647 | D:14     | Noticed a catoblepas
 14660 | D:14     | Reached XP level 13. HP: 103/118 MP: 4/12
 15127 | D:14     | Found a blossoming altar of Fedhas.
 15434 | D:14     | Reached skill level 1 in Shields
 15764 | D:15     | Entered Level 15 of the Dungeon
 16407 | D:15     | Found Wen Rogaq's Antique Weapon Shoppe.
 16441 | D:15     | Received a gift from Trog
 17190 | D:15     | Noticed a fire dragon
 17200 | D:15     | Killed a fire dragon
 17379 | D:15     | Found a staircase to the Depths.
 17699 | Lair:1   | Entered Level 1 of the Lair of Beasts
 17827 | Lair:1   | Reached skill level 5 in Shields
 18696 | Lair:2   | Noticed Harold
 18756 | Lair:2   | Killed Harold
 18756 | Lair:2   | Reached XP level 14. HP: 128/128 MP: 4/13
 19273 | Lair:2   | Noticed Gastronok
 19288 | Lair:2   | Killed Gastronok
 19678 | Lair:3   | Found a dark tunnel.
 19699 | Volcano  | Entered a volcano
 20425 | Lair:3   | Received a gift from Trog
 20432 | Lair:3   | Got a jewelled war axe {god gift}
 20433 | Lair:3   | Identified the +10 war axe of Faceveon {drain, rElec rF+
                  | rN+ Int-2} (Trog gifted it to you on level 3 of the Lair of
                  | Beasts)
 20962 | Lair:3   | Found a staircase to the Swamp.
 21139 | Lair:3   | Found a runed translucent gate.
 21139 | Lair:3   | Found a runed translucent gate.
 21145 | Lair:3   | Found a runed translucent gate.
 21156 | Lair:3   | Noticed chequers's ghost (journeyman MfGl)
 21177 | Lair:3   | Killed chequers's ghost
 22110 | Lair:4   | Found a hole to the Spider Nest.
 22561 | Lair:5   | Found a runed translucent gate.
 22561 | Lair:5   | Found a runed translucent gate.
 22561 | Lair:5   | Found a runed translucent gate.
 22570 | Lair:5   | Noticed Qoypruj's ghost (journeyman MiGl)
 23141 | Lair:5   | Found a viscous altar of Jiyva.
 23170 | Lair:6   | Entered Level 6 of the Lair of Beasts
 23181 | Lair:6   | Received a gift from Trog
 23291 | Lair:6   | Reached XP level 15. HP: 110/138 MP: 14/14
 23547 | Lair:6   | Found a runed translucent door.
 23550 | Lair:6   | Found a viscous altar of Jiyva.
 23551 | Lair:6   | Found a staircase to the Slime Pits.
 23558 | Lair:6   | Reached skill level 15 in Fighting
 23932 | Lair:6   | Reached skill level 15 in Armour
 24716 | Lair:6   | Reached skill level 10 in Shields
 25213 | Orc:1    | Entered Level 1 of the Orcish Mines
 25353 | Orc:1    | Noticed Josephine
 25364 | Orc:1    | Killed Josephine
 25435 | Orc:1    | Noticed an orc warlord
 25452 | Orc:1    | Killed an orc warlord
 25490 | Orc:1    | Reached ****** piety under Trog
 25552 | Orc:1    | Received a gift from Trog
 25562 | Orc:1    | Identified a scroll of acquirement
 25596 | Orc:1    | Found a roughly hewn altar of Beogh.
 25820 | Orc:1    | Got a shimmering ruby amulet
 25821 | Orc:1    | Identified the amulet of the Duke {Harm *Drain Dex+4} (You
                  | acquired it on level 1 of the Orcish Mines)
 26305 | Orc:2    | Entered Level 2 of the Orcish Mines
 26320 | Orc:2    | Found a staircase to the Elven Halls.
 26831 | Orc:2    | Found a roughly hewn altar of Beogh.
 26948 | Orc:2    | Found Waphy's General Store.
 26953 | Orc:2    | Received a gift from Trog
 27016 | Orc:2    | Found Horo's Gadget Shoppe.
 27225 | Orc:2    | Found Laylets's General Store.
 27284 | Orc:2    | Found Wugile Imn's Assorted Antiques.
 27632 | Spider:1 | Entered Level 1 of the Spider Nest
 27779 | Spider:1 | Noticed Rod Caur's ghost (adept HOFi)
 27780 | Spider:1 | Found a runed translucent gate.
 27781 | Spider:1 | Found a runed translucent gate.
 27785 | Spider:1 | Found a runed translucent gate.
 27786 | Spider:1 | Found the +0 mask of the Dragon {MR+ Slay+3 SInv}
 27866 | Spider:1 | Reached XP level 16. HP: 136/150 MP: 15/15
 28330 | Spider:1 | Received a gift from Trog
 29231 | Spider:2 | Noticed Arachne
 29262 | Spider:2 | Killed Arachne
 30806 | Spider:3 | Received a gift from Trog
 31660 | Spider:4 | Entered Level 4 of the Spider Nest
 32380 | Spider:4 | Received a gift from Trog
 32623 | Spider:4 | Reached XP level 17. HP: 160/160 MP: 16/16
 33162 | Spider:4 | Got a gossamer rune of Zot
 33304 | Swamp:1  | Entered Level 1 of the Swamp
 33450 | Swamp:1  | Found the amulet of Vitality {Regen+ HP+15}
 33601 | Swamp:1  | Received a gift from Trog
 34351 | Swamp:2  | Noticed suomimenusko's ghost (adept NaFi)
 34367 | Swamp:2  | Found a transporter.
 34376 | Swamp:2  | Found a transporter.
 35022 | Swamp:3  | Noticed Louise
 35032 | Swamp:3  | Killed Louise
 35451 | Swamp:3  | Reached skill level 15 in Dodging
 35766 | Swamp:4  | Entered Level 4 of the Swamp
 36209 | Swamp:4  | Received a gift from Trog
 37097 | Swamp:4  | Reached XP level 18. HP: 171/171 MP: 17/17
 37222 | Swamp:4  | Got a decaying rune of Zot
 37723 | Elf:1    | Entered Level 1 of the Elven Halls
 37990 | Elf:1    | Received a gift from Trog
 39079 | Elf:1    | Reached skill level 15 in Shields
 39171 | Elf:2    | Found Uteuqomu's Armour Shop.
 39564 | Elf:2    | Found a runed translucent gate.
 39564 | Elf:2    | Found a runed translucent gate.
 39564 | Elf:2    | Found a runed translucent gate.
 39763 | Elf:3    | Entered Level 3 of the Elven Halls
 39903 | Elf:3    | Received a gift from Trog
 39906 | Elf:3    | Identified the +5 hand axe of Zeil {venom, Dex+6} (Trog
                  | gifted it to you on level 3 of the Elven Halls)
 40278 | Elf:3    | Found Etypn's Assorted Antiques.
 40343 | Elf:3    | Identified the +5 chain mail of Okawaru {Str+6 Dex-5} (You
                  | found it on level 3 of the Elven Halls)
 40463 | Elf:3    | Noticed a Hell Sentinel
 41322 | Elf:3    | Identified the +7 hand axe of Zin's Approval {freeze,
                  | Fragile Int+4}
 41427 | Elf:3    | Identified the cursed +1 quarterstaff of the Eel {drain,
                  | rElec Str+6}
 41436 | Elf:3    | Received a gift from Trog
 41594 | Elf:3    | Reached XP level 19. HP: 160/183 MP: 18/18
 41602 | Elf:3    | Identified the +7 halberd "Foco" {flame, rC+}
 42019 | Elf:3    | Identified the +5 halberd of Heughuog {drain, rF- Dex+5}
 42225 | Elf:3    | Noticed a Brimstone Fiend
 43240 | Depths:1 | Entered Level 1 of the Depths
 43319 | Depths:1 | Found a runed translucent door.
 43349 | Depths:1 | Got a faintly glowing wooden ring
 43372 | Depths:1 | Found a gateway to Hell.
 43754 | Depths:1 | Found a one-way gate to the infinite horrors of the Abyss.
 44326 | Depths:1 | Received a gift from Trog
 44381 | Depths:1 | Noticed Imio's ghost (adept DgCj)
 45269 | Depths:2 | Reached XP level 20. HP: 193/193 MP: 19/19
 45714 | Depths:2 | Found a one-way gate leading to the halls of Pandemonium.
 45721 | Depths:2 | Received a gift from Trog
 46217 | Depths:2 | Got a clouded platinum ring
 46590 | Depths:2 | Identified the ring of Qihi {rC+ Str-5 Int+6} (You acquired
                  | it on level 1 of the Depths)
 46691 | Depths:2 | Got a twisted hand axe
 46773 | Depths:2 | Identified the +1 hand axe of the Brain {speed, +Blink SInv
                  | Stlth+} (You found it on level 2 of the Depths)
 46774 | Depths:2 | Identified the ring of Neeborghim {MR+ Int-2 Dex+7} (You
                  | found it on level 2 of the Depths)
 46875 | Depths:2 | Identified the +8 halberd of Itaazet {venom, Int+4}
 46895 | Depths:2 | Identified the ring "Jyxzioji" {rC+ rN+++ Str-5 Int+3 SInv}
 47327 | Depths:3 | Noticed an ancient lich
 47328 | Depths:3 | Found a basalt altar of Yredelemnul.
 47339 | Depths:3 | You fall into a shaft and drop 1 floor!
 47826 | Depths:4 | Received a gift from Trog
 48361 | Depths:3 | Identified the +11 hand crossbow of the Equinox {speed,
                  | -Tele +Fly Dex+8}
 48838 | Depths:3 | Noticed a golden dragon
 48848 | Depths:3 | Killed a golden dragon
 49274 | Depths:3 | Found Kineh's Gadget Boutique.
 49274 | Depths:3 | Found Wyssoe's Jewellery Emporium.
 49275 | Depths:3 | Found Luecwoiz's Gadget Boutique.
 49359 | Depths:3 | Killed an ancient lich
 49359 | Depths:3 | Reached XP level 21. HP: 135/204 MP: 20/20
 49845 | Depths:3 | Noticed a golden dragon
 49863 | Depths:3 | Killed a golden dragon
 50267 | Depths:5 | Entered Level 5 of the Depths
 50997 | Depths:5 | Found a gate to the Realm of Zot.
 51146 | Depths:5 | Found a gateway to a ziggurat.
 51641 | Depths:5 | Received a gift from Trog
 51802 | Depths:4 | Noticed a caustic shrike
 51905 | Depths:5 | Killed a caustic shrike
 53351 | Depths:5 | Reached XP level 22. HP: 207/215 MP: 21/21
 53472 | Depths:4 | Paralysed by a floating eye for 2 turns
 53515 | Depths:4 | Noticed a juggernaut
 53522 | Depths:4 | Killed a juggernaut
 53586 | Depths:4 | Found a basalt altar of Yredelemnul.
 53587 | Depths:4 | Found a bloodstained altar of Trog.
 53595 | Depths:4 | Found a glowing silver altar of Zin.
 53859 | Depths:3 | Bought the ring of the Raven {*Drain rElec rPois MR++
                  | Slay+5} for 2030 gold pieces
 54029 | Vaults:1 | Entered Level 1 of the Vaults
 54049 | Vaults:1 | Received a gift from Trog
 54280 | Vaults:1 | Identified the +5 ring mail of the Lizard {rElec Str-2
                  | Int+5 SInv}
 54547 | Vaults:1 | Gained mutation: Your magical capacity is low. (-10% MP) [a
                  | shining eye]
 54554 | Vaults:1 | Received a gift from Trog
 54563 | Vaults:1 | Identified the +2 hand axe of Extus {chop, rC+ Str+3 SInv}
                  | (Trog gifted it to you on level 1 of the Vaults)
 55225 | Vaults:2 | Received a gift from Trog
 55261 | Vaults:2 | Found a white marble altar of Elyvilon.
 55341 | Vaults:2 | Noticed Jory
 55360 | Vaults:2 | Killed Jory
 55715 | Vaults:2 | Found a portal to a secret trove of treasure.
 55997 | Vaults:2 | Noticed Bai Suzhen
 56021 | Vaults:2 | Killed Bai Suzhen
 56169 | Vaults:2 | Reached XP level 23. HP: 225/225 MP: 19/19
 56347 | Vaults:2 | Found a staircase to the Crypt.
 56347 | Vaults:2 | Found an ancient bone altar of Kikubaaqudgha.
 56348 | Vaults:2 | Found a basalt altar of Yredelemnul.
 56688 | Vaults:2 | Identified the +8 plate armour of Narcissism {rF- rCorr
                  | Str+4 Int+4} (You found it on level 2 of the Vaults)
 56821 | Vaults:3 | Received a gift from Trog
 58003 | Vaults:3 | Received a gift from Trog
 58891 | Vaults:4 | Received a gift from Trog
 59373 | Vaults:4 | Found Ramnio's Assorted Antiques.
 59713 | Vaults:5 | Entered Level 5 of the Vaults
 59731 | Vaults:5 | Reached XP level 24. HP: 213/238 MP: 6/19
 59866 | Vaults:5 | Found the +7 pair of quick blades "Gyre" and "Gimble"
                  | {protect}
 59884 | Vaults:5 | Received a gift from Trog
 60010 | Vaults:5 | Got a clouded garnet amulet
 60014 | Vaults:5 | Identified the amulet "Geicaif" {Gourm rPois Str-3 Dex+8
                  | SInv} (You found it on level 5 of the Vaults)
 60039 | Vaults:5 | Identified Sif Muna's Handbook of the Mutagenic Birds
 60357 | Vaults:5 | Got a silver rune of Zot
 60899 | Vaults:5 | Noticed an ancient lich
 60910 | Vaults:5 | Killed an ancient lich
 60914 | Vaults:5 | Received a gift from Trog
 61089 | Vaults:5 | Identified the cursed +1 plate armour "Weehyo" {Str+3} (You
                  | found it on level 5 of the Vaults)
 61093 | Vaults:5 | Identified the +1 hat "Orrang" {Int+3} (You found it on
                  | level 5 of the Vaults)
 61252 | Vaults:5 | Identified the +5 hand crossbow "Ecvuniy" {venom, rElec
                  | Str+7 Stlth+}
 61920 | Zot:1    | Entered Level 1 of the Realm of Zot
 62229 | Elf:3    | Bought 2 scrolls labeled ZAYKHL COACS for 66 gold pieces
 62997 | Zot:1    | Noticed an orb of fire
 63013 | Zot:1    | Killed an orb of fire
 63110 | Zot:1    | Reached XP level 25. HP: 250/250 MP: 6/19
 63385 | Zot:1    | Noticed an orb of fire
 63401 | Zot:1    | Killed an orb of fire
 64267 | Zot:2    | You fall into a shaft and drop 2 floors!
 64314 | Zot:4    | Noticed a Killer Klown
 64353 | Zot:4    | Cast into level 4 of the Abyss (Killer Klown)
 64353 | Abyss:4  | Found a corrupted altar of Lugonu.
 64366 | Abyss:4  | Gained mutation: Your body sometimes deteriorates upon
                  | taking damage. [a neqoxec]
 64483 | Abyss:4  | Found a corrupted altar of Lugonu.
 64512 | Abyss:4  | Gained mutation: Your body often deteriorates upon taking
                  | damage. [a neqoxec]
 64518 | Abyss:4  | Gained mutation: Your magical capacity is very low. (-20%
                  | MP) [a neqoxec]
 64646 | Zot:4    | Escaped the Abyss
 64671 | Zot:4    | Killed a Killer Klown
 65064 | Zot:4    | Noticed an orb of fire
 65081 | Zot:4    | Killed an orb of fire
 65455 | Zot:4    | Found a huge runed gate.
 65455 | Zot:4    | Found a huge runed gate.
 65455 | Zot:4    | Found a huge runed gate.
 65458 | Zot:4    | Found a huge runed gate.
 65461 | Zot:4    | Found a huge runed gate.
 65461 | Zot:4    | Found a huge runed gate.
 65461 | Zot:4    | Found a huge runed gate.
 65461 | Zot:4    | Found a huge runed gate.
 65461 | Zot:4    | Found a huge runed gate.
 65462 | Zot:4    | Found a huge runed gate.
 65463 | Zot:4    | Found a huge runed gate.
 65466 | Zot:4    | Found a huge runed gate.
 65466 | Zot:4    | Found a huge runed gate.
 65473 | Zot:4    | Found a huge runed gate.
 65473 | Zot:4    | Found a huge runed gate.
 65473 | Zot:4    | Found a huge runed gate.
 65473 | Zot:4    | Found a huge runed gate.
 65473 | Zot:4    | Found a huge runed gate.
 65473 | Zot:4    | Found a huge runed gate.
 65887 | Zot:3    | You fall into a shaft and drop 1 floor!
 66179 | Zot:3    | You fall into a shaft and drop 1 floor!
 66524 | Zot:2    | Reached XP level 26. HP: 264/264 MP: 5/17
 67095 | Zot:5    | Entered Level 5 of the Realm of Zot
 67121 | Zot:5    | Reached skill level 27 in Fighting
 68141 | Zot:4    | Received a gift from Trog
 68264 | Zot:5    | Noticed an ancient lich
 68265 | Zot:5    | Noticed an ancient lich
 68266 | Zot:5    | Noticed an orb of fire
 68288 | Zot:4    | Killed an ancient lich
 68290 | Zot:4    | Killed an ancient lich
 68404 | Zot:5    | Gained mutation: You tend to lose your temper in combat.
                  | [an orb of fire]
 68407 | Zot:4    | Gained mutation: Armour fits poorly on your strangely
                  | shaped body. [an orb of fire]
 68420 | Zot:4    | Killed an orb of fire
 68448 | Zot:4    | Lost mutation: Your magical capacity is very low. (-20% MP)
                  | [potion of mutation]
 68448 | Zot:4    | Lost mutation: Your magical capacity is low. (-10% MP)
                  | [potion of mutation]
 68448 | Zot:4    | Lost mutation: Your body often deteriorates upon taking
                  | damage. [potion of mutation]
 68448 | Zot:4    | Gained mutation: Your mind is acute. (Int +2) [potion of
                  | mutation]
 68448 | Zot:4    | Gained mutation: You are partially covered in thin metallic
                  | scales. (AC +2) [potion of mutation]
 68448 | Zot:4    | Gained mutation: You have very sharp teeth. [potion of
                  | mutation]
 68542 | Zot:5    | Noticed an orb of fire
 68549 | Zot:5    | Gained mutation: You are occasionally teleported next to
                  | monsters. [an orb of fire]
 68750 | Zot:4    | Killed an orb of fire
 68804 | Zot:5    | Noticed an orb of fire
 68805 | Zot:5    | Gained mutation: You are weak. (Str -2) [an orb of fire]
 68818 | Zot:4    | Lost mutation: Your mind is acute. (Int +2) [potion of
                  | mutation]
 68818 | Zot:4    | Lost mutation: You tend to lose your temper in combat.
                  | [potion of mutation]
 68818 | Zot:4    | Lost mutation: You are occasionally teleported next to
                  | monsters. [potion of mutation]
 68818 | Zot:4    | Lost mutation: You are partially covered in thin metallic
                  | scales. (AC +2) [potion of mutation]
 68818 | Zot:4    | Gained mutation: Your mind is acute. (Int +2) [potion of
                  | mutation]
 68818 | Zot:4    | Gained mutation: You evolve. [potion of mutation]
 68821 | Zot:5    | Gained mutation: You are clumsy. (Dex -2) [an orb of fire]
 68933 | Zot:4    | Killed an orb of fire
 69186 | Zot:5    | Noticed an ancient lich
 69322 | Zot:5    | Killed an ancient lich
 69438 | Zot:5    | Noticed an ancient lich
 69442 | Zot:5    | Noticed an ancient lich
 69443 | Zot:5    | Noticed an orb of fire
 69576 | Zot:4    | Killed an ancient lich
 69611 | Zot:4    | Gained mutation: Your body often deteriorates upon taking
                  | damage. [an orb of fire]
 69619 | Zot:4    | Killed an orb of fire
 69619 | Zot:4    | Reached XP level 27. HP: 273/273 MP: 7/22
 69685 | Zot:4    | Killed an ancient lich
 69857 | Zot:5    | Gained mutation: You have an increased reservoir of magic.
                  | (+10% MP) [evolution]
 69893 | Zot:5    | Noticed an ancient lich
 69937 | Zot:5    | Killed an ancient lich
 69983 | Zot:5    | Noticed an ancient lich
 69984 | Zot:5    | Noticed an ancient lich
 69991 | Zot:5    | Killed an ancient lich
 69998 | Zot:5    | Killed an ancient lich
 70074 | Zot:5    | Noticed an ancient lich
 70087 | Zot:5    | Killed an ancient lich
 70098 | Zot:5    | Noticed an ancient lich
 70124 | Zot:5    | Killed an ancient lich
 70124 | Zot:5    | Reached skill level 27 in Armour
 70529 | Zot:5    | Got a faintly humming shield
 70530 | Zot:5    | Identified the +1 shield "Doezioni" {rPois Dex+4} (You
                  | acquired it on level 5 of the Realm of Zot)
 70564 | Zot:5    | Lost mutation: Your mind is acute. (Int +2) [potion of
                  | mutation]
 70564 | Zot:5    | Lost mutation: Your body often deteriorates upon taking
                  | damage. [potion of mutation]
 70564 | Zot:5    | Lost mutation: Armour fits poorly on your strangely shaped
                  | body. [potion of mutation]
 70564 | Zot:5    | Lost mutation: You have an increased reservoir of magic.
                  | (+10% MP) [potion of mutation]
 70564 | Zot:5    | Lost mutation: You are weak. (Str -2) [potion of mutation]
 70565 | Zot:5    | Lost mutation: You are clumsy. (Dex -2) [potion of
                  | mutation]
 70565 | Zot:5    | Lost mutation: Your body sometimes deteriorates upon taking
                  | damage. [potion of mutation]
 70565 | Zot:5    | Lost mutation: You evolve. [potion of mutation]
 70565 | Zot:5    | Gained mutation: You can translocate small distances at
                  | will. [potion of mutation]
 70565 | Zot:5    | Gained mutation: You are agile. (Dex +2) [potion of
                  | mutation]
 71666 | Zot:5    | Got the Orb of Zot
 72144 | D:5      | Noticed Zicas the pandemonium lord
 72217 | D:1      | Noticed Jokypal the pandemonium lord
 72224 | D:$      | Escaped with the Orb!

Levels and vault maps discovered:
D:1:      psy_arrival_fountain, layout_basic, minmay_misc_feat_ornament
D:2:      layout_basic, hangedman_decor_lopped, mrwooster_statue_mirror
D:3:      minmay_spotlight, layout_basic, minmay_liquid_box
D:4:      layout_loops_ring, uniq_blork_the_orc
D:5:      layout_rooms, first_ration
D:6:      layout_rooms, trog_book
D:7:      layout_gridville, slow_altar_1, minmay_temple_entry_statues_fountains
D:8:      cheibrodos_iron_armory, layout_basic, serial_shops, shop, uniq_grum
D:9:      layout_gridville, david_lair_shrubbed, serial_shops, shop,
          hangedman_fish_farm
D:10:     layout_cave_pools, serial_shops, nicolae_shop_statue_plus
D:11:     layout_loops_ring, orc_0_dummy, uniq_fannar, uniq_nergalle
D:12:     layout_big_octagon, serial_shops, nicolae_shop_statue_plus,
          serial_glass, glass_columns_a, glass_columns_a
D:13:     layout_roguey, serial_co_window_serial, co_window_corner_a,
          co_window_of_opportunity_a, co_window_paths_a, co_window_corner_a,
          co_window_of_opportunity_a, co_window_corner_a, co_window_paths_a,
          co_window_corner_b, co_window_broadway_b, co_window_2corner,
          co_window_4corner_b, elyvilon_altar_5, uniq_frances, uniq_azrael,
          uniq_jorgrun
D:14:     layout_gridville, ximxim_vaults_locker_room, fedhas_altar_1
D:15:     grunt_enter_depths_hoard, layout_cave_pools, serial_shops,
          nicolae_shop_overgrown_old_shop, serial_bayou_lagoon_a, minivault_19
Lair:1:   layout_regular_city, chequers_serial_rivers_micro_a,
          serial_bayou_lagoon_b, lemuel_fruit_fields
Lair:2:   layout_regular_city, serial_bayou_shore_b, uniq_harold, uniq_gastronok
Lair:3:   layout_roguey, nicolae_swamp_entry_splash_gauntlet,
          nicolae_volcano_entry_batcave, gammafunk_ghost_necromancy
Lair:4:   layout_loops_ring, spider_nest_entry_a, infiniplex_staircase_pool_2,
          grunt_megastairs_2, minmay_lair_oklob_chamber
Lair:5:   layout_small_grid, gammafunk_ghost_ooze, cheibrodos_lair_lostbears
Lair:6:   evilmike_catoblepas_cave, layout_loops_ring, slime_altar_2
Swamp:1:  layout_falls_marsh, nicolae_swamp_round_clearing, swamp_pool5
Swamp:2:  layout_basic_swamp, gammafunk_ghost_arena,
          evilmike_swamp_ruin_house_5, swamp_pool3
Swamp:3:  layout_falls_marsh, evilmike_swamp_ruin_rubble_1, swamp_pool3,
          uniq_louise
Swamp:4:  swamp_fiery, layout_basic_swamp
Spider:1: layout_chambers, gammafunk_ghost_split
Spider:2: layout_chambers, drop_trap, uniq_arachne
Spider:3: layout_spider_delve, worms_lemuel
Spider:4: grunt_spider_rune_island, drop_trap, nicolae_spider_webs_and_nodes
Orc:1:    orc_temple, layout_caves, mines_bat_river, uniq_josephine
Orc:2:    st_orc_town, layout_diamond_mine
Elf:1:    eino_elf_arrival_shootout, layout_onion_city, hangedman_elf_represent,
          minivault_24
Elf:2:    layout_onion_city, serial_shops, shop_statue, minmay_elf_necromancy
Elf:3:    nooodl_elf_gasket, layout_geoelf_diagonals, serial_shops, shop_statue,
          kilobyte_rumbling_trees
Vaults:1: nicolae_vaults_twisting_passages, vaults_room_hallway,
          ontoclasm_vaults_loading_screen, hangedman_vaults_locks,
          hangedman_vaults_maws, nicolae_vaults_what_the_h, v_pattern_5,
          ontoclasm_vaults_eye, vaults_room_large_hall, v_misc_8,
          nicolae_vaults_little_squares_3, vaults_room_semicircle, v_misc_15,
          layout_vaults_maze_snakey
Vaults:2: ontoclasm_vaults_claustrophobia, ontoclasm_vaults_ring_large,
          vaults_room_octagon, vaults_mumra_lcd, v_misc_25, grunt_vaults_funnel,
          minmay_crypt_entry_necro_gods, vaults_dpeg_encased_lava,
          ontoclasm_vaults_hangar, grunt_vaults_hallway_long, vaults_mumra_hex,
          layout_vaults_omnicross, nicolae_trove_entry_crystal, basic_altar,
          uniq_jory, uniq_bai_suzhen
Vaults:3: v_alt_pattern_2, st_star, nicolae_vaults_network_s,
          nicolae_vaults_bisected_inception, vaults_room_corners,
          vaults_dpeg_cross, vaults_room_stairs_pillars,
          vaults_room_grunt_arrival_ludios, vaults_room_fours,
          layout_vaults_chaotic_city
Vaults:4: nicolae_vaults_yaktaur_gun_rack, hangedman_vaults_river_flow,
          hangedman_vaults_corner, nicolae_vaults_big_ls, grunt_vaults_twisty,
          vaults_room_stairs_pillars, grunt_vaults_hallway_short,
          vaults_dpeg_hooks, layout_vaults_omnigrid, serial_shops, shop
Vaults:5
Depths:1: layout_gridlike, corexii_leaking_fountain,
          ebering_ghost_reflecting_pool, hangedman_abyss_entry_splay,
          hangedman_coc_ice_floe, fake_guardian_serpent_vault
Depths:2: minmay_the_grid_3x3 [minmay_the_grid_expand,
          minmay_the_grid_broken_lines, minmay_the_grid_tree,
          minmay_the_grid_rooms, minmay_the_grid_airy, minmay_the_grid_mess,
          minmay_the_grid_dragon_a, minmay_the_grid_slots,
          minmay_the_grid_prize_inner_circle], layout_basic, hell_entry,
          serial_rivers, chequers_serial_rivers_room_b,
          chequers_serial_rivers_room_b, chequers_serial_rivers_micro_c,
          chequers_serial_rivers_small_3, grunt_pan_entry_sceptre,
          minmay_misc_feat_hallway, chequers_big_river
Depths:3: hangedman_cross_cluster, layout_cave_pools,
          hangedman_tar_grid_catacomb, infiniplex_staircase_door_maze,
          grunt_pan_entry_zigzag, minmay_shop_grove
Depths:4: hangedman_slaughterboxes, hell_entry, pan_entry, serial_shops,
          abyss_entry
Depths:5: evilmike_zot_entry_diamond, layout_gridlike, enter_ziggurat_b,
          hell_entry, hangedman_decor_growths
Zot:1:    layout_cathedral_of_symmetry
Zot:2:    layout_gridville
Zot:3:    layout_gridlike
Zot:4:    layout_misc_corridors, door_vault
Zot:5:    layout_onion, grunt_ministairs_14, st_stairs_14

Skill      XL: |  1  2  3  4  5  6  7  8  9 10 11 12 13 14 15 16 17 18 19 20 21 22 23 24 25 26 27 |
---------------+----------------------------------------------------------------------------------+-----
Fighting       | 4 5 6 7 8 10 11 12 13 14 16 17 18 19 20 21 22 24 25 26 27 | 27.0
Axes           | 4 5 6 9 10 12 14 15 17 18 | 18.0
Armour         | 3 4 5 6 7 8 9 10 12 13 14 15 17 18 19 20 21 22 23 24 25 26 27 | 27.0
Dodging        | 3 4 5 6 7 9 10 11 13 14 15 16 17 18 19 20 21 22 23 24 | 24.5
Shields        | 5 8 11 13 14 15 17 18 19 20 21 22 23 24 25 | 25.3

Action                   |  1- 3 |  4- 6 |  7- 9 | 10-12 | 13-15 | 16-18 | 19-21 | 22-24 | 25-27 || total
-------------------------+-------+-------+-------+-------+-------+-------+-------+-------+-------++-------
Melee: Hand axe          |    57 |   155 |   252 |   519 |       |       |       |       |       ||   983
       Headbutt          |     7 |    27 |    55 |   182 |   305 |   384 |   415 |   475 |   308 ||  2158
       Broad axe         |       |       |       |   117 |  1093 |  1512 |  1289 |  1360 |  1047 ||  6418
       Scimitar          |       |       |       |     3 |    13 |    31 |       |       |       ||    47
       Bite              |       |       |       |       |       |       |       |       |    38 ||    38
Invok: Berserk           |       |     1 |     7 |     9 |     6 |     4 |     5 |     1 |    10 ||    43
       Brothers in Arms  |       |       |     2 |     4 |     4 |    11 |    16 |     5 |    13 ||    55
       Trog's Hand       |       |       |     1 |       |       |       |     1 |       |     1 ||     3
 Abil: Blink             |       |       |       |       |       |       |       |       |     1 ||     1
Evoke: Lamp of fire      |       |       |       |       |       |       |     1 |       |       ||     1
       Wand              |       |       |       |       |       |       |       |       |     2 ||     2
  Use: Scroll            |       |       |       |     9 |    32 |    17 |     8 |    21 |    10 ||    97
       Potion            |       |       |       |       |     2 |     1 |       |       |    12 ||    15
 Stab: Sleeping          |     1 |       |       |       |       |       |       |       |       ||     1
       Distracted        |       |       |     1 |     1 |       |     1 |     5 |     1 |       ||     9
       Paralysed         |       |       |       |       |       |    10 |    23 |     8 |       ||    41
       Petrified         |       |       |       |       |       |     6 |     4 |     4 |       ||    14
       Petrifying        |       |       |       |       |       |     6 |    11 |     3 |       ||    20
       Confused          |       |       |       |       |       |     3 |     3 |     8 |       ||    14
  Eat: Chunk             |     2 |     8 |     7 |    34 |    43 |    51 |    38 |    32 |    22 ||   237
       Ration            |       |       |     2 |     2 |     2 |     1 |     3 |     1 |     7 ||    18
Armor: Animal skin       |     9 |    14 |       |       |       |       |       |       |       ||    23
       Chain mail        |       |    27 |   101 |    59 |       |       |       |       |       ||   187
       Ring mail         |       |       |       |   153 |   225 |       |       |       |       ||   378
       Plate armour      |       |       |       |       |    70 |   655 |   209 |       |       ||   934
       Gold dragon scale |       |       |       |       |       |       |   155 |   275 |   366 ||   796
Dodge: Dodged            |    45 |    92 |   122 |   372 |   355 |   551 |   425 |   346 |   301 ||  2609
Block: Buckler           |       |       |    18 |    41 |       |       |       |       |       ||    59
       Shield            |       |       |       |    16 |   864 |   724 |       |       |       ||  1604
       Reflection        |       |       |       |       |    30 |     9 |       |       |       ||    39
       Large shield      |       |       |       |       |       |   746 |  1107 |  1214 |  1014 ||  4081
       Rpst.: Scimitar   |       |       |       |     1 |       |     5 |       |       |       ||     6
